 Dungeon Crawl Stone Soup version 0.19-a0-944-gb338e1e (webtiles) character file.

42 Duffy the Chopper (level 3, -9/31 HPs)
             Began as a Hill Orc Fighter on July 8, 2016.
             Mangled by a crocodile (12 damage)
             ... in a sewer.
             The game lasted 00:00:58 (936 turns).

Duffy the Chopper (Hill Orc Fighter)                 Turns: 936, Time: 00:00:58

Health: -9/31      AC:  6    Str: 23    XL:     3   Next: 54%
Magic:  3/3        EV:  7    Int:  8    God:
Gold:   53         SH:  9    Dex: 11    Spells: 0 memorised, 2 levels left

rFire  . . .     SeeInvis .     a - +0 war axe
rCold  . . .     Gourm    .     b - +0 scale mail
rNeg   . . .     Faith    .     c - +0 shield
rPois  .         Spirit   .     (no helmet)
rElec  .         Dismiss  .     (no cloak)
rCorr  .         Reflect  .     (no gloves)
SustAt .         Harm     .     (no boots)
MR     .....                    (no amulet)
Stlth  ..........               (no ring)
                                (no ring)

@: mighty, not resistant to hostile enchantments, extremely unstealthy
A: no striking features
a: no special abilities


You were in a sewer.
You were not hungry.

You visited 1 branch of the dungeon, and saw 3 of its levels.
You also visited: Sewer.

You collected 53 gold pieces.


   Skills:
 - Level 3.6 Fighting
 + Level 5.0 Axes
 - Level 3.2 Armour
 - Level 3.2 Shields


You had 2 spell levels left.
You didn't know any spells.

Inventory:

Hand Weapons
 a - a +0 war axe (weapon)
Armour
 b - a +0 scale mail (worn)
 c - a +0 shield (worn)
Scrolls
 g - a scroll of fog {unknown}
 h - a scroll of teleportation {unknown}
 i - a scroll of blinking {unknown}
 j - a scroll of random uselessness {unknown}
Comestibles
 f - a bread ration

Dungeon Overview and Level Annotations

Branches:
Dungeon (3/15)

Altars:


Message History

Moving in this stuff is going to be slow.
You enter the shallow water.
Moving in this stuff is going to be slow.
A crocodile comes into view.
Found 28 stones and a black book.
A crocodile is nearby!
A crocodile is nearby!
The crocodile bites you but does no damage.
You closely miss the crocodile. The crocodile bites you.
You completely miss the crocodile. The crocodile barely misses you.
You slash the crocodile!
The crocodile is moderately wounded.
You block the crocodile's attack.
The crocodile bites you but does no damage.
You hit the crocodile.
The crocodile is heavily wounded.
The crocodile bites you.
You closely miss the crocodile.
The crocodile is heavily wounded.
The crocodile bites you.
Your shield prevents you from hitting the crocodile.
The crocodile is heavily wounded.
The crocodile bites you!
You are too injured to fight recklessly!
You are too injured to fight recklessly!
You enter the shallow water.
Moving in this stuff is going to be slow.
The crocodile bites you but does no damage.
The crocodile bites you!
It was a potion of heal wounds.
You feel much better.
The crocodile bites you but does no damage.
Okay, then.
Your shield prevents you from hitting the crocodile.
The crocodile is heavily wounded.
You block the crocodile's attack. The crocodile bites you.
You hit the crocodile.
The crocodile is heavily wounded.
The crocodile closely misses you.
You closely miss the crocodile.
The crocodile is heavily wounded.
The crocodile bites you!
You closely miss the crocodile.
The crocodile is heavily wounded.
The crocodile bites you! You block the crocodile's attack.
You feel very mighty all of a sudden. The crocodile barely misses you.
Your shield prevents you from hitting the crocodile.
The crocodile is heavily wounded.
You block the crocodile's attack. The crocodile bites you!
You die...

### #~# #####~#
######## ...##~##
###.~..~.###
.\.#.~.#
###.~.t~~~~..###
.\...~.#
###....@####.....#
.....~.###.~...###
###~~~~.#
####.)~~.~~~.~##
##....~.#
...%)).###.~..~#
~.~.### .....~.#
###..~~.# .~##.(
...#.~.# ###.....
### :# ...##~##
##.~. # #.###~#
### #..##~#


You could see a crocodile.

Action                   || total
-------------------------++-------
Melee: War axe           ||    80
  Use: Potion            ||     2
Armor: Scale mail        ||    47
Dodge: Dodged            ||    40
Block: Shield            ||    45

Notes
Turn   | Place    | Note
-------+----------+-------------------------------------------
     0 | D:1      | Duffy the Hill Orc Fighter began the quest for the Orb.
     0 | D:1      | Reached XP level 1. HP: 19/19 MP: 1/1
    28 | D:1      | Reached skill level 3 in Axes
   133 | D:1      | Reached XP level 2. HP: 26/26 MP: 2/2
   316 | D:2      | Reached skill level 4 in Axes
   489 | D:1      | Reached XP level 3. HP: 31/31 MP: 3/3
   785 | D:3      | Found a glowing drain.
   797 | Sewer    | Entered a sewer
   808 | Sewer    | Reached skill level 5 in Axes
   913 | Sewer    | Noticed a crocodile
   936 | Sewer    | Mangled by a crocodile

Skill      XL: |  1  2  3 |
---------------+----------+-----
Axes           | 3 4 5 |  5.0
Fighting       | |  3.6
Armour         | |  3.2
Shields        | |  3.2

Vault maps used:
D:1:      kilobyte_arrival_exit_the_forest, minmay_misc_feat_nine_boxes,
          minmay_tetromino_s4
D:2:      ecumenical_altar_1, minmay_misc_feat_room, grunt_decor_fettered,
          minmay_tripent
D:3:      makhleb_grotto_becter, portal_sewer_entry_a, first_bread, minivault_4,
          minmay_quantized
Sewer:    sewer_the_crocodile

Vanquished Creatures
  2 worms
  A dart slug
  A giant gecko
  A ball python
  A goblin
  3 hobgoblins
  9 jackals
  8 kobolds
  A bat
  A rat
28 creatures vanquished.
